 Dungeon Crawl Stone Soup version 0.21-a0-241-g2cbab09 (webtiles) character file.

763 Senpai the Skirmisher (level 7, -3/66 HPs)
             Began as a Minotaur Wanderer on Sept 3, 2017.
             Slain by a two-headed ogre
             ... wielding a cursed -1 giant club
              (16 damage)
             ... on level 5 of the Dungeon.
             The game lasted 00:10:51 (4491 turns).

Senpai the Skirmisher (Minotaur Wanderer)           Turns: 4491, Time: 00:10:52

Health: -3/66      AC:  8    Str: 17    XL:     7   Next: 51%
Magic:  6/6        EV: 10    Int:  8    God:
Gold:   213        SH:  0    Dex: 12    Spells: 6/6 levels left

rFire    . . .     SeeInvis .   x - +3 sling "Punk" {acid, rCorr}
rCold    . . .     Gourm    .   (no shield)
rNeg     . . .     Faith    .   B - +0 scale mail
rPois    .         Spirit   .   (helmet restricted)
rElec    .         Reflect  .   g - +0 cloak
rCorr    +         Harm     .   (no gloves)
MR       .....                  o - +0 pair of boots
Stlth    ..........             (no amulet)
HPRegen  0.21/turn              (no ring)
MPRegen  0.10/turn              (no ring)

@: no status effects
A: retaliatory headbutt, horns 2
a: no special abilities


You were on level 5 of the Dungeon.
You were not hungry.

You visited 1 branch of the dungeon, and saw 5 of its levels.
You also visited: Ossuary.

You collected 213 gold pieces.

Inventory:

Hand Weapons
 a - a +2 dagger
 d - a +1 falchion
 v - a +1 dagger of venom
 x - the +3 sling "Punk" (weapon) {acid, rCorr}
   (You took it off a gnoll on level 4 of the Dungeon)

   It protects you from acid and corrosion.
Missiles
 n - 57 sling bullets (quivered)
 I - 34 stones
Armour
 e - a +0 robe
 g - a +0 cloak (worn)
 k - a +0 large shield
 o - a +0 pair of boots (worn)
 p - a +0 ring mail
 B - a +0 scale mail (worn)
Jewellery
 w - an uncursed ring of resist corrosion
 L - a +2 ring of protection {unknown}
Wands
 K - a wand of paralysis (14/24)
Scrolls
 c - a scroll of teleportation
 h - a scroll of noise
 j - 6 scrolls of identify
 l - 2 scrolls of remove curse
 m - a scroll of acquirement {unknown}
 y - a scroll of amnesia
 E - a scroll of torment {unknown}
 J - a scroll of enchant weapon
Potions
 b - 3 potions of berserk rage
 i - a potion of might
 s - a potion of degeneration
 z - 3 potions of lignification
 A - a potion of cancellation
 C - a potion of resistance
 D - a potion of mutation {unknown}
 F - a potion of magic {unknown}
 H - a potion of flight {unknown}
Books
 G - a book of Cantrips

   Spells                             Type                      Level
   a - Confusing Touch                Hexes                        1
   b - Animate Skeleton               Necromancy                   1
   c - Summon Small Mammal            Summoning                    1
   d - Apportation                    Translocation                1
Comestibles
 f - 3 bread rations
 q - 4 meat rations
 t - 4 royal jellies
 u - 3 fruits


   Skills:
 - Level 7.5 Fighting
 - Level 5.5 Long Blades
 + Level 5.0 Slings
 - Level 1.0(3.0) Throwing
 - Level 2.1 Dodging
 - Level 1.0 Stealth
 - Level 1.2 Shields


You had 6 spell levels left.
You didn't know any spells.

Dungeon Overview and Level Annotations

Branches:
Dungeon (5/15)
 Temple: D:4-7

Altars:
Uskayaw


Innate Abilities, Weirdness & Mutations

You reflexively headbutt those who attack you in melee.
You have a pair of horns on your head.


Message History

* * * LOW HITPOINT WARNING * * *
The two-headed ogre hits you with a giant club!
* * * LOW HITPOINT WARNING * * *
Unknown command.
Unknown command.
Do you really want to go berserk while wielding the +3 sling "Punk" {acid, rCorr}?
Okay, then.
Unknown command.
Okay, then.
Unknown command.
You feel better. The two-headed ogre closely misses you.
You furiously retaliate!
You headbutt the two-headed ogre! The two-headed ogre closely misses you.
Firing (i - inventory. (,) - cycle):
n - 58 sling bullets (quivered)
Press: ? - help, Shift-Dir - straight line, f/p - two-headed ogre
Aim: a two-headed ogre, wielding two giant clubs (almost dead, covered in acid)
You shoot a sling bullet.
The sling bullet barely misses the two-headed ogre.
The two-headed ogre hits you with a giant club!
You die...

###.## #.#..# #..#.##
##.).(## ###...#
##..## #...# #.
#.#O## #. #.#.@###
###.
#######..#...#..[.##
#...
#..............[....
...
####.................
. ###.#.###.........
#. #.#.####.......##
#. #...[.....#.....
####. ##........###..
..... #..........#.#
###...


You could see a two-headed ogre.

Vanquished Creatures
  A scorpion (D:4)
  The ghost of p0werm0de the Skirmisher, a weakling DsFi (D:3)
  A crimson imp (D:4)
  A bullfrog zombie (D:5)
  A bullfrog skeleton (D:4)
  An orc priest (D:4)
  4 orc wizards
  2 worker ants (D:4)
  7 big kobold zombies (Ossuary)
  A mummy (Ossuary)
  4 gnolls
  7 adders
  A shadow imp (D:5)
  3 oozes
  4 worms
  4 leopard geckos
  9 orcs
  2 spectral bats (Ossuary)
  6 giant cockroaches
  5 gnoll zombies (Ossuary)
  4 goblins
  10 hobgoblins
  7 jackals (D:1)
  12 bats
  3 bat simulacra (Ossuary)
  3 frilled lizards
  2 goblin simulacra (Ossuary)
  2 goblin zombies (Ossuary)
  3 hobgoblin zombies (Ossuary)
  8 kobolds
  3 kobold simulacra (Ossuary)
  8 kobold zombies (Ossuary)
  3 orc zombies (Ossuary)
  7 rats
  2 rat simulacra (Ossuary)
  3 spectral goblins (Ossuary)
  6 spectral kobolds (Ossuary)
  2 spectral rats (Ossuary)
153 creatures vanquished.

Vanquished Creatures (others)
  2 hobgoblin zombies (Ossuary)
2 creatures vanquished.

Grand Total: 155 creatures vanquished

Notes
Turn   | Place    | Note
-------+----------+-------------------------------------------
     0 | D:1      | Senpai the Minotaur Wanderer began the quest for the Orb.
     0 | D:1      | Senpai set off with: a +2 dagger, a potion of berserk rage, a scroll of teleportation, a +0 falchion, a +0 robe, a bread ration
     0 | D:1      | Reached XP level 1. HP: 19/19 MP: 0/0
    85 | D:1      | Reached XP level 2. HP: 16/27 MP: 1/1
   313 | D:1      | Reached skill level 4 in Fighting
   481 | D:1      | Reached XP level 3. HP: 33/33 MP: 2/2
  1554 | D:2      | Reached XP level 4. HP: 41/41 MP: 3/3
  2199 | D:3      | Noticed p0werm0de's ghost (weakling DsFi)
  2449 | D:3      | Killed p0werm0de's ghost
  2449 | D:3      | Reached skill level 5 in Fighting
  2449 | D:3      | Reached skill level 5 in Long Blades
  2449 | D:3      | Reached XP level 5. HP: 40/48 MP: 4/4
  3055 | D:4      | Reached skill level 6 in Fighting
  3105 | D:4      | Reached XP level 6. HP: 25/58 MP: 5/5
  3115 | D:4      | Found a hide-covered altar of Uskayaw.
  3115 | D:4      | Noticed a dagger
  3115 | D:4      | Noticed a dagger
  3261 | D:4      | Reached skill level 7 in Fighting
  3447 | D:4      | Found a sand-covered staircase.
  3464 | Ossuary  | Entered an ossuary
  3643 | Ossuary  | Reached skill level 1 in Slings
  3923 | Ossuary  | Reached XP level 7. HP: 61/66 MP: 6/6
  4314 | D:5      | Entered Level 5 of the Dungeon
  4467 | D:5      | Noticed a two-headed ogre
  4479 | D:5      | Reached skill level 5 in Slings
  4480 | D:5      | HP: 3/66 [two-headed ogre/giant club (15)]
  4491 | D:5      | Slain by a two-headed ogre

Vault maps used:
D:1:      matt_arrival_los_fun
D:2:      minmay_door_path
D:3:      first_bread
D:4:      dancing_weapons_uskayaw, nicolae_ossuary_entry_monument
Ossuary:  ossuary_zaba_two_paths

Skill      XL: |  1  2  3  4  5  6  7 |
---------------+----------------------+-----
Long Blades    | 3 4 5 |  5.5
Fighting       | 4 5 6 7 |  7.5
Slings         | 2 5 |  5.0
Throwing       | |  1.0
Dodging        | |  2.1
Stealth        | |  1.0
Shields        | |  1.2

Action                   |  1- 3 |  4- 6 |  7- 9 || total
-------------------------+-------+-------+-------++-------
Melee: Dagger            |    70 |   102 |     1 ||   173
       Headbutt          |    11 |    33 |     1 ||    45
       Falchion          |       |    75 |       ||    75
 Fire: Fustibalus        |       |    53 |    57 ||   110
  Use: Scroll            |       |    12 |       ||    12
       Potion            |       |     3 |     1 ||     4
 Stab: Sleeping          |     1 |       |       ||     1
  Eat: Chunk             |     1 |     7 |       ||     8
       Bread ration      |       |       |     1 ||     1
Armor: Robe              |    11 |       |       ||    11
       Ring mail         |     6 |    30 |       ||    36
       Scale mail        |       |    42 |     9 ||    51
Dodge: Dodged            |    47 |   100 |     9 ||   156
       Rpst.: Falchion   |       |     6 |       ||     6

Table legend:
 A = Spawn XP
 B = Non-spawn XP
 C = Spawn XP percentage of total XP
 D = Spawn monster count
 E = Non-spawn monster count
 F = Spawn count percentage of total count
 G = Total turns spent on level
                    A         B        C        D         E        F      G
               +---------+---------+-------+---------+---------+-------+---------
         Total |      39 |    1052 |   3.6 |      11 |     142 |   7.2 |  4491
               +---------+---------+-------+---------+---------+-------+---------
           D:1 |      14 |      51 |  21.5 |       5 |      24 |  17.2 |  1107
           D:2 |      10 |      43 |  18.9 |       3 |      11 |  21.4 |  1154
           D:3 |      15 |     123 |  10.9 |       3 |      22 |  12.0 |   729
           D:4 |       0 |     420 |   0.0 |       0 |      25 |   0.0 |   718
           D:5 |       0 |     187 |   0.0 |       0 |       8 |   0.0 |   177
       Ossuary |       0 |     228 |   0.0 |       0 |      52 |   0.0 |   606
               +---------+---------+-------+---------+---------+-------+---------
